details: 'top spawn LT = instant hood of cunning'

« prev index next »

General information

Mini Map

Players

team 1
Orcpps.0 (purple | 57 APM | 1451 actions | 25:15)
Hero icon 5 Blademaster
Ability icon 2 Wind Walk
Ability icon 3 Critical Strike
Hero icon 5 Tauren Chieftain
Ability icon 2 War Stomp
Ability icon 3 Endurance Aura

» actions
Assign group hotkey24
Basic commands75
Build / train66
ESC pressed2
Enter build submenu57
Enter hero's abilities submenu11
Give item / drop item10
Right click567
Select / deselect280
Select group hotkey234
Use ability125
1451 total
» units
Peon12
Wind Rider3
Goblin Shredder1
Spirit Walker1
Goblin Sapper1
Troll Witch Doctor1
19 total
» upgrades
Spiked Barricades3
Spirit Walker Training2
Armor3
Witch Doctor Training2
Envenomed Spears1
Liquid Fire1
Reinforced Defenses1
Ranged Weapons1
14 total
» buildings
Altar of Storms1
Orc Burrow8
Voodoo Lounge1
War Mill1
Watch Tower32
Stronghold1
Beastiary5
Great Hall4
Spirit Lodge1
Fortress1
55 total
» build order
00:04 Altar of Storms
00:19 Orc Burrow
00:39 Voodoo Lounge
01:06 War Mill
02:20 Orc Burrow
02:36 Watch Tower
02:50 Watch Tower
03:29 Watch Tower
03:31 Watch Tower
03:58 Stronghold
04:13 Watch Tower
04:54 Watch Tower
04:55 Watch Tower
05:48 Watch Tower
05:49 Watch Tower
06:23 Beastiary
06:24 Beastiary
06:32 Beastiary
06:38 Watch Tower
06:39 Watch Tower
07:56 Watch Tower
07:57 Watch Tower
08:08 Orc Burrow
09:14 Great Hall
09:16 Watch Tower
09:17 Watch Tower
09:17 Watch Tower
09:20 Orc Burrow
09:25 Great Hall
09:40 Watch Tower
09:52 Orc Burrow
11:10 Watch Tower
11:14 Watch Tower
11:16 Watch Tower
11:53 Spirit Lodge
13:56 Orc Burrow
13:59 Orc Burrow
14:01 Fortress
15:33 Watch Tower
15:37 Watch Tower
18:34 Watch Tower
18:35 Watch Tower
18:36 Watch Tower
18:36 Watch Tower
18:39 Great Hall
20:23 Watch Tower
20:25 Watch Tower
20:26 Watch Tower
20:27 Watch Tower
20:29 Orc Burrow
22:07 Watch Tower
22:08 Watch Tower
22:42 Beastiary
22:46 Beastiary
24:22 Great Hall
» items
Healing Salve2
Lesser Clarity Potion3
Boots of Speed2
Staff of Teleportation1
Periapt of Vitality2
Scroll of Healing1
Orb of Lightning1
Scroll of Town Portal1
Tome of Retraining1
14 total
team 2
Random» UndeadRBTICK (green | 41 APM | 1026 actions | 25:14)
Hero icon 5 Crypt Lord
Ability icon 2 Carrion Beetles
Ability icon 2 Impale
Ability icon 1 Spiked Carapace

» actions
Assign group hotkey4
Build / train70
Enter build submenu22
Enter hero's abilities submenu5
Right click488
Select / deselect384
Select group hotkey1
Use ability52
1026 total
» units
Acolyte10
Ghoul3
Crypt Fiend4
Necromancer5
Obsidian Statue2
Meatwagon3
Banshee2
Abomination4
Goblin Shredder1
Gargoyle2
36 total
» upgrades
Creature Attack1
Skeletal Longevity1
Necromancer Training2
Exhume Corpses1
Creature Carapace2
Banshee Training2
Skeletal Mastery1
Disease Cloud1
Unholy Strength2
Web1
Unholy Armor1
15 total
» buildings
Altar of Darkness1
Ziggurat9
Crypt1
Graveyard1
Tomb of Relics1
Spirit Tower6
Nerubian Tower2
Halls of the Dead1
Temple of the Damned1
Slaughterhouse1
Black Citadel1
Sacrificial Pit1
26 total
» build order
00:11 Altar of Darkness
00:14 Ziggurat
00:25 Crypt
01:12 Graveyard
01:34 Tomb of Relics
02:01 Ziggurat
02:58 Ziggurat
04:05 Spirit Tower
04:06 Spirit Tower
04:08 Nerubian Tower
04:24 Halls of the Dead
05:47 Ziggurat
06:49 Spirit Tower
07:26 Temple of the Damned
07:37 Slaughterhouse
09:26 Black Citadel
14:59 Ziggurat
15:48 Ziggurat
16:41 Spirit Tower
16:57 Ziggurat
17:36 Ziggurat
17:55 Nerubian Tower
20:40 Ziggurat
21:53 Spirit Tower
21:55 Spirit Tower
23:36 Sacrificial Pit
» items
Dust of Appearance2
Rod of Necromancy1
3 total